 Dungeon Crawl Stone Soup version 0.31.0-11-ge490571c62 (webtiles) character file.

Game seed: 17333350780224984901

42 croobank the Caller (level 3, -13/16 HPs)
             Began as a Felid Summoner on Jan 27, 2024.
             Killed by divine providence
             ... invoked by an orc priest
              (16 damage)
             ... on level 4 of the Dungeon.
             The game lasted 00:04:29 (1664 turns).

croobank the Caller (Felid Summoner)                Turns: 1664, Time: 00:04:29

Health: -13/16     AC:  1    Str:  4    XL:     3   Next: 35%
Magic:  4/7        EV: 18    Int: 20    God:
Gold:   35         SH:  0    Dex: 16    Spells: 0/6 levels left
                                        Lives:  0   Deaths: 1

rFire   . . .        (weapon unavailable)
rCold   . . .        (shield unavailable)
rNeg    . . .        (body armour unavailable)
rPois   .            (helmet unavailable)
rElec   .            (cloak unavailable)
rCorr   .            (gloves unavailable)
SInv    +            (boots unavailable)
Will    .....        (no amulet)
Stlth   +++          (no ring)
HPRegen 0.22/turn    (no ring)
MPRegen 0.10/turn

%: no passive effects
@: inugami summoned
A: very small, claws 1, fangs 3, see invisible, shaggy fur 1, stealthy paws, no
weapons or thrown items, no armour, multi-lived
a: no special abilities


You were on level 4 of the Dungeon.
You visited 1 branch of the dungeon, and saw 4 of its levels.

You collected 35 gold pieces.

Inventory:

Scrolls
 b - a scroll of summoning {unknown}
 c - a scroll of fear {unknown}
 e - a scroll of teleportation {unknown}
 g - a scroll of brand weapon {unknown}
Potions
 d - a potion of enlightenment {unknown}
 f - a potion of berserk rage {unknown}
 h - a potion of cancellation {unknown}


   Skills:
 + Level 3.4 Dodging
 + Level 3.5 Stealth
 + Level 2.4 Spellcasting
 + Level 4.3 Summonings


You couldn't memorise any spells.
You knew the following spells:

 Your Spells              Type           Power      Damage    Failure   Level
a - Summon Small Mammal   Summ           76%        N/A       2%          1
b - Call Imp              Summ           38%        N/A       3%          2
c - Call Canine Familiar  Summ           19%        N/A       8%          3

Your spell library contained the following spells:

 Spells                   Type           Power      Damage    Failure   Level
 Sublimation of Blood     Necr           2%         N/A       22%         2
 Summon Blazeheart Golem  Fire/Summ      11%        N/A       52%         4
 Summon Lightning Spire   Summ/Air       11%        N/A       52%         4
 Summon Hydra             Summ           9%         N/A       100%        7


Dungeon Overview and Level Annotations

Branches:
Dungeon (4/15)
 Temple: D:4-7

Altars:


Innate Abilities, Weirdness & Mutations

You have sharp claws.
You have razor-sharp teeth.
You have supernaturally acute eyesight. (SInv)
You are covered in fur. (AC +1)
Your paws help you pounce on unaware monsters.
You are incapable of wielding weapons or throwing items.
You cannot wear armour.
You gain extra lives every three experience levels.


Message History

Confirm with . or Enter, or press ? or * to list all spells.
A tiny devil pulls itself out of the air.
The orc hits you with a +0 falchion.
Casting: Call Imp (safe; 3% risk of failure)
Confirm with . or Enter, or press ? or * to list all spells.
The orc priest miscasts a cantrip.
The orc completely misses you.
The orc priest invokes the aid of Beogh against you.
Pain shoots through your body!
Casting: Summon Small Mammal (safe; 2% risk of failure)
Confirm with . or Enter, or press ? or * to list all spells.
The orc misses you.
Your cerulean imp closely misses the orc.
Your inugami barely misses the orc.
You scratch the orc. You claw the orc.
The orc is severely wounded.
The orc priest looks satisfied for a moment.
The orc hits you with a +0 falchion.
Your cerulean imp barely misses the orc.
Your rat closely misses the orc.
Your inugami completely misses the orc.
Your quokka bites the orc priest.
The orc closely misses you. The orc priest barely misses you.
Your cerulean imp hits the orc but does no damage.
Your inugami hits the orc.
Your rat bites the orc.
The orc dies!
You climb downwards.
Your summoned allies are left behind.
There is a stone staircase leading up here.
Casting: Summon Small Mammal (safe; 2% risk of failure)
Confirm with . or Enter, or press ? or * to list all spells.
You don't have enough magic to cast this spell.
Magic courses through your body.
The orc priest hits you with a +0 flail.
* * * LOW HITPOINT WARNING * * *
Casting: Summon Small Mammal (safe; 2% risk of failure)
Confirm with . or Enter, or press ? or * to list all spells.
You call for your canine familiar and it appears with a howl!
The orc priest mumbles some strange prayers to Beogh against you.
Beogh smites you!
Ouch! That really hurt!
You die...

....
...#########
#...........
#...........
#...........
####.........
........o.#
.......@..#
.....h....#
.:........#
..[.......#
..........+
..........#
......##+##
......


You could see an orc priest (ally target) and a friendly inugami (summoned).

Vanquished Creatures
  A dart slug (D:1)
  2 bats (D:1)
  An endoplasm (D:2)
  2 frilled lizards (D:1)
  A kobold (D:1)
7 creatures vanquished.

Vanquished Creatures (collateral kills)
  A dart slug (D:2)
  2 orcs (D:3)
  3 ball pythons (D:1)
  3 endoplasms
  4 giant cockroaches
  A goblin (D:1)
  4 hobgoblins (D:1)
  2 kobolds (D:1)
  3 bats (D:1)
  A frilled lizard (D:1)
  2 rats (D:1)
26 creatures vanquished.

Grand Total: 33 creatures vanquished

Notes
Turn   | Place    | Note
-------+----------+-------------------------------------------
     0 | D:1      | croobank the Felid Summoner began the quest for the Orb.
     0 | D:1      | Reached XP level 1. HP: 9/9 MP: 4/4
   203 | D:1      | Slain by a hobgoblin
   203 | D:1      | Lost a life (0 lives remaining)
   509 | D:1      | Reached XP level 2. HP: 13/13 MP: 3/6
  1081 | D:1      | Learned a level 2 spell: Call Imp
  1174 | D:1      | Reached XP level 3. HP: 16/16 MP: 7/7
  1210 | D:1      | Learned a level 3 spell: Call Canine Familiar
  1510 | D:2      | You fall into a shaft and drop 1 floor!
  1664 | D:4      | Killed from afar by an orc priest

Illustrated notes

Levels and vault maps discovered:
D:1:      tarquinn_simple_flora_water_e, layout_basic, solitary_fountain
D:2:      layout_basic, basic_altar, chequers_serial_rivers_small_3,
          uniq_sigmund
D:3:      layout_basic, zin_angel
D:4:      layout_gridville, grunt_temple_overflow_cloverleaf

Skill      XL: |  1 |
---------------+----+-----
Stealth        | 3 |  3.5
Dodging        | 3 |  3.4
Spellcasting   | |  2.4
Summonings     | |  4.3

Action                     || total
---------------------------++-------
  Melee: Unarmed           ||    26
         Bite              ||     1
         Punch             ||     1
   Cast: Summon Small Mamm ||    41
         Call Imp          ||     5
         Call Canine Famil ||     5
    Use: Potion            ||     1
   Stab: Sleeping          ||     3
 Armour: Skin              ||    18
  Dodge: Dodged            ||    26
